AoeStats
← 464408627

Arabia

509568362Analyzed
1v1 RM · 5d ago on Sep 27, 2026· 35m 59s· 2 players
Game mode
Random Map
Map size
Tiny (2 player)
Population
200
Speed
Normal
Resources
Standard
Victory
Conquest
Starting age
Dark Age
Ending age
Imperial Age
RankedLock teamsTeams togetherTeam positionsShared explorationLock speedFull tech treeHidden civsTurbo modeCheats
Victory
Defeat
🇨🇿 Hindustanis · Czechia
616
+16
🇨🇳 Mongols · China
625
-16
adamuher482
12:14 Feudal Age
11:17 Loom
12:44 Double-Bit Axe
12:41 Horse Collar
19:51 Castle Age
21:39 Heavy Plow
21:52 Bow Saw
22:20 Wheelbarrow
21:32 Town Watch
23:34 Gold Mining
26:44 Husbandry
26:54 Scale Barding Armor
28:02 Hand Cart
28:37 Bloodlines
32:03 Forging
32:19 Chain Barding Armor
34:42 Imperial Age
34:42 Iron Casting
464408627
4:37 Loom
12:25 Feudal Age
13:20 Gold Mining
13:20 Stone Mining
13:13 Horse Collar
13:20 Double-Bit Axe
22:14 Castle Age
22:52 Bloodlines
24:53 Gold Shaft Mining
24:56 Stone Shaft Mining
24:24 Heavy Plow
24:38 Bow Saw
24:36 Thumb Ring
24:37 Husbandry
31:30 Imperial Age
31:06 Wheelbarrow
30:16 Town Watch
31:25 Wheelbarrow
33:01 Hand Cart
32:47 Town Patrol
33:24 Conscription
33:08 Nomads
35:34 Drill
Connection lost

Rejoining the realm…

Still unreachable

The connection could not be restored.

Session expired

The server has moved on; the page needs a fresh start.